ORI
UNIVERSITY OF GEORGIA BULLDOGS @ UNIVERSITY OF VIRGINIA CAVALIERS
09/02/2044
 
TOP OF THE 1ST
University of Georgia Bulldogs batting - Pitching for University of Virginia Cavaliers : RHP Chris Santos
Pitching: RHP Chris Santos
Batting: RHB Janne Vihko 0-0: Ball
1-0: Foul Ball, location: 2F
1-1: Ground out 6-3 (Groundball, 6, EV 104.4 MPH)
Batting: RHB Tony Aguiar 0-0: Called Strike
0-1: Ball
1-1: Ground out 6-3 (Groundball, 6, EV 85.0 MPH)
Batting: LHB Justin Daley 0-0: Ball
1-0: Foul Ball, location: 2F
1-1: SINGLE (Flyball, 8RS, EV 82.5 MPH)
Batting: RHB Terry Oetker 0-0: Ground out 5-3 (Groundball, 56S, EV 61.9 MPH)
Top of the 1st over - 0 runs, 1 hit, 0 errors, 1 left on base; University of Georgia 0 - University of Virginia 0
BOTTOM OF THE 1ST
University of Virginia Cavaliers batting - Pitching for University of Georgia Bulldogs : RHP Ryan Weedon
Pitching: RHP Ryan Weedon
Batting: SHB Eric Kelley 0-0: Fly out, F1 (Popup, 15, EV 73.8 MPH)
Batting: LHB Sean Banks 0-0: Ball
1-0: Foul Ball, location: 2F
1-1: Foul Ball, location: 2F
1-2: Ball
2-2: Ball
3-2: Strikes out swinging, 2-3 out at first.
Batting: RHB Arnaud Derosiers 0-0: Called Strike
0-1: Ball
1-1: Ball
2-1: Foul Ball, location: 2F
2-2: Strikes out swinging
Bottom of the 1st over - 0 runs, 0 hits, 0 errors, 0 left on base; University of Georgia 0 - University of Virginia 0
TOP OF THE 2ND
University of Georgia Bulldogs batting - Pitching for University of Virginia Cavaliers : RHP Chris Santos
Batting: RHB Juan Gallegos 0-0: Ground out 6-3 (Groundball, 6, EV 80.0 MPH)
Batting: RHB Armando Ramirez 0-0: Called Strike
0-1: Ball
1-1: Fly out, F5 (Popup, 56, EV 76.2 MPH)
Batting: SHB Jack Tierney 0-0: Ball
1-0: Called Strike
1-1: Ball
2-1: Swinging Strike
2-2: Ball
3-2: Base on Balls
Batting: RHB Jose Garibay 0-0: Called Strike
0-1: Ball
1-1: Foul Ball, location: 2F
1-2: Fly out, F8 (Flyball, 8LM, EV 92.5 MPH)
Top of the 2nd over - 0 runs, 0 hits, 0 errors, 1 left on base; University of Georgia 0 - University of Virginia 0
BOTTOM OF THE 2ND
University of Virginia Cavaliers batting - Pitching for University of Georgia Bulldogs : RHP Ryan Weedon
Batting: RHB Leo Villa 0-0: Foul Ball, location: 2F
0-1: Ball
1-1: Fly out, F8 (Flyball, 8LD, EV 98.8 MPH)
Batting: RHB Adam Dudek 0-0: Ball
1-0: Foul Ball, location: 2F
1-1: Foul Ball, location: 2F
1-2: Fly out, F8 (Flyball, 8RS, EV 91.2 MPH)
Batting: RHB Kevin Steed 0-0: Called Strike
0-1: Ball
1-1: Foul Ball, location: 2F
1-2: Strikes out swinging
Bottom of the 2nd over - 0 runs, 0 hits, 0 errors, 0 left on base; University of Georgia 0 - University of Virginia 0
TOP OF THE 3RD
University of Georgia Bulldogs batting - Pitching for University of Virginia Cavaliers : RHP Chris Santos
Batting: RHB Patrick Pinault 0-0: Ground out 6-3 (Groundball, 6, EV 92.5 MPH)
Batting: RHB Janne Vihko 0-0: Foul Ball, location: 2F
0-1: Swinging Strike
0-2: Ball
1-2: Ball
2-2: Ball
3-2: Ground out 5-3 (Groundball, 56S, EV 71.9 MPH)
Batting: RHB Tony Aguiar 0-0: Ground out 4-3 (Groundball, 34, EV 101.9 MPH)
Top of the 3rd over - 0 runs, 0 hits, 0 errors, 0 left on base; University of Georgia 0 - University of Virginia 0
BOTTOM OF THE 3RD
University of Virginia Cavaliers batting - Pitching for University of Georgia Bulldogs : RHP Ryan Weedon
Batting: RHB Matt Peddle 0-0: Called Strike
0-1: Ball
1-1: Fly out, F8 (Flyball, 8LD, EV 101.9 MPH)
Batting: LHB William Gonzales 0-0: SINGLE (Groundball, 6MD, EV 98.8 MPH)
Batting: RHB Gabe Secundino 0-0: Called Strike
0-1: Grounds into double play, 5-4-3 (Groundball, 56, EV 98.8 MPH)
Bottom of the 3rd over - 0 runs, 1 hit, 0 errors, 0 left on base; University of Georgia 0 - University of Virginia 0
TOP OF THE 4TH
University of Georgia Bulldogs batting - Pitching for University of Virginia Cavaliers : RHP Chris Santos
Batting: LHB Justin Daley 0-0: Fly out, F8 (Flyball, 8LM, EV 92.5 MPH)
Batting: RHB Terry Oetker 0-0: Called Strike
0-1: Ball
1-1: Foul Ball, location: 2F
1-2: Ball
2-2: Ball
3-2: Base on Balls
Batting: RHB Juan Gallegos 0-0: Foul Ball, location: 2F
0-1: Ball
1-1: SINGLE (Line Drive, 4D, EV 95.6 MPH)
Terry Oetker to second
Batting: RHB Armando Ramirez 0-0: Ball
1-0: Swinging Strike
1-1: Fly out, F8 (Flyball, 8RXD, EV 92.5 MPH)
Runner from 2nd tags up, SAFE at 3rd, no throw by CF
Batting: SHB Jack Tierney 0-0: Foul Ball, location: 2F
0-1: Ball
1-1: Ball
2-1: Fly out, F6 (Popup, 15, EV 86.2 MPH)
Top of the 4th over - 0 runs, 1 hit, 0 errors, 2 left on base; University of Georgia 0 - University of Virginia 0
BOTTOM OF THE 4TH
University of Virginia Cavaliers batting - Pitching for University of Georgia Bulldogs : RHP Ryan Weedon
Batting: SHB Eric Kelley 0-0: Swinging Strike
0-1: Foul Ball, location: 2F
0-2: Ball
1-2: Foul Ball, location: 2F
1-2: Ball
2-2: Foul Ball, location: 2F
2-2: Fly out, F7 (Flyball, 7LS, EV 83.8 MPH)
Batting: LHB Sean Banks 0-0: Fly out, F8 (Flyball, 8RXD, EV 88.1 MPH)
Batting: RHB Arnaud Derosiers 0-0: Called Strike
0-1: Ball
1-1: Ground out 4-3 (Groundball, 4, EV 86.2 MPH)
Bottom of the 4th over - 0 runs, 0 hits, 0 errors, 0 left on base; University of Georgia 0 - University of Virginia 0
TOP OF THE 5TH
University of Georgia Bulldogs batting - Pitching for University of Virginia Cavaliers : RHP Chris Santos
Batting: RHB Jose Garibay 0-0: Fly out, F9 (Flyball, 9LD, EV 87.5 MPH)
Batting: RHB Patrick Pinault 0-0: SOLO HOME RUN (Flyball, 7D, EV 96.9 MPH), Distance : 369 ft
Batting: RHB Janne Vihko 0-0: Called Strike
0-1: Ball
1-1: Called Strike
1-2: Ground out 4-3 (Groundball, 4, EV 103.1 MPH)
Batting: RHB Tony Aguiar 0-0: Called Strike
0-1: Swinging Strike
0-2: Ball
1-2: Ground out 6-3 (Groundball, 6, EV 96.2 MPH)
Top of the 5th over - 1 run, 1 hit, 0 errors, 0 left on base; University of Georgia 1 - University of Virginia 0
BOTTOM OF THE 5TH
University of Virginia Cavaliers batting - Pitching for University of Georgia Bulldogs : RHP Ryan Weedon
Batting: RHB Leo Villa 0-0: Called Strike
0-1: Ball
1-1: Fly out, F7 (Flyball, 78M, EV 86.2 MPH)
Batting: RHB Adam Dudek 0-0: Called Strike
0-1: Foul Ball, location: 2F
0-2: Fly out, F8 (Line Drive, 8LM, EV 100.0 MPH)
Batting: RHB Kevin Steed 0-0: Swinging Strike
0-1: Foul Ball, location: 2F
0-2: Ball
1-2: Foul Ball, location: 2F
1-2: Ball
2-2: Fly out, F8 (Flyball, 8RD, EV 96.9 MPH)
Bottom of the 5th over - 0 runs, 0 hits, 0 errors, 0 left on base; University of Georgia 1 - University of Virginia 0
TOP OF THE 6TH
University of Georgia Bulldogs batting - Pitching for University of Virginia Cavaliers : RHP Chris Santos
Batting: LHB Justin Daley 0-0: SINGLE (Groundball, 4MD, EV 96.9 MPH)
Batting: RHB Terry Oetker 0-0: Swinging Strike
0-1: Ball
1-1: Fielders Choice at 2nd, 6-4 (Groundball, 6, EV 83.8 MPH)
Batting: RHB Juan Gallegos 0-0: Called Strike
0-1: Foul Ball, location: 2F
0-2: Strikes out looking
Batting: RHB Armando Ramirez 0-0: Fielders Choice at 2nd, 6-4 (Groundball, 56, EV 98.1 MPH)
Top of the 6th over - 0 runs, 1 hit, 0 errors, 1 left on base; University of Georgia 1 - University of Virginia 0
BOTTOM OF THE 6TH
University of Virginia Cavaliers batting - Pitching for University of Georgia Bulldogs : RHP Ryan Weedon
Batting: RHB Matt Peddle 0-0: Ball
1-0: SINGLE (Groundball, 15S, EV 67.5 MPH) (infield hit)
Batting: LHB William Gonzales 0-0: Ball
1-0: Called Strike
1-1: Ball
2-1: Ground out 3-1 (Groundball, 3L, EV 103.1 MPH)
Matt Peddle to second
Batting: RHB Gabe Secundino 0-0: Swinging Strike
0-1: Swinging Strike
0-2: Strikes out swinging
Batting: SHB Eric Kelley 0-0: Ball
1-0: Called Strike
1-1: Called Strike
1-2: Foul Ball, location: 2F
1-2: Ball
2-2: Ball
3-2: Base on Balls
Batting: LHB Sean Banks 0-0: Ball
1-0: Ball
2-0: Ball
3-0: Called Strike
3-1: Ground out 4-3 (Groundball, 4, EV 90.6 MPH)
Bottom of the 6th over - 0 runs, 1 hit, 0 errors, 2 left on base; University of Georgia 1 - University of Virginia 0
TOP OF THE 7TH
University of Georgia Bulldogs batting - Pitching for University of Virginia Cavaliers : RHP Chris Santos
Batting: SHB Jack Tierney 0-0: Foul Ball, location: 2F
0-1: Ground out 5-3 (Groundball, 56S, EV 80.6 MPH)
Batting: RHB Jose Garibay 0-0: Ball
1-0: Ball
2-0: Ball
3-0: Base on Balls
Batting: RHB Patrick Pinault 0-0: Foul Ball, location: 2F
0-1: Swinging Strike
0-2: Strikes out swinging
Pitching: LHP Mitchel Larson
Batting: RHB Janne Vihko 0-0: Ball
1-0: Foul Ball, location: 2F
1-1: SINGLE (Groundball, 5S, EV 63.8 MPH) (infield hit)
Jose Garibay to second
Batting: RHB Tony Aguiar 0-0: Ball
1-0: Ball
2-0: Ground out U3 (Groundball, 3, EV 84.4 MPH)
Top of the 7th over - 0 runs, 1 hit, 0 errors, 2 left on base; University of Georgia 1 - University of Virginia 0
BOTTOM OF THE 7TH
University of Virginia Cavaliers batting - Pitching for University of Georgia Bulldogs : RHP Ryan Weedon
Pinch Hitting: RHB Yoshihasa Kojima 0-0: Called Strike
0-1: Called Strike
0-2: Ball
1-2: Strikes out swinging
Pitching: RHP David Alferez
Pinch Hitting: RHB Yong Kim 0-0: Ball
1-0: Called Strike
1-1: Ground out 3-1 (Groundball, 34S, EV 88.1 MPH)
Pinch Hitting: LHB Rogelio Rios 0-0: Ball
1-0: Called Strike
1-1: Ball
2-1: Foul Ball, location: 2F
2-2: Foul Ball, location: 2F
2-2: Foul Ball, location: 2F
2-2: Ground out U3 (Groundball, 34, EV 88.8 MPH)
Bottom of the 7th over - 0 runs, 0 hits, 0 errors, 0 left on base; University of Georgia 1 - University of Virginia 0
TOP OF THE 8TH
University of Georgia Bulldogs batting - Pitching for University of Virginia Cavaliers : LHP Mitchel Larson
Now at 1B: Daniel Wise
Now at 3B: Alex Lira
Now in CF: Yoshihasa Kojima
Now in RF: Sean Banks
Batting: LHB Justin Daley 0-0: Ground out 5-3 (Groundball, 56S, EV 86.9 MPH)
Batting: RHB Terry Oetker 0-0: Called Strike
0-1: Swinging Strike
0-2: Strikes out swinging
Batting: RHB Juan Gallegos 0-0: Called Strike
0-1: Foul Ball, location: 2F
0-2: Strikes out looking
Top of the 8th over - 0 runs, 0 hits, 0 errors, 0 left on base; University of Georgia 1 - University of Virginia 0
BOTTOM OF THE 8TH
University of Virginia Cavaliers batting - Pitching for University of Georgia Bulldogs : RHP David Alferez
Batting: RHB Kevin Steed 0-0: Ball
1-0: Ball
2-0: SINGLE (Groundball, 4M, EV 98.1 MPH)
Batting: RHB Matt Peddle 0-0: Called Strike
0-1: Ball
1-1: Swinging Strike
1-2: Ball
2-2: Foul Ball, location: 2F
2-2: Fly out, F9 (Flyball, 89D, EV 103.1 MPH)
Pitching: LHP Dave Waiters
Batting: RHB Eric McClelland 0-0: Swinging Strike
0-1: Ball
1-1: Ball
Wild Pitch!
Kevin Steed to second
2-1: Ball
3-1: Swinging Strike
3-2: Strikes out swinging
Pinch Hitting: RHB Devon Washington 0-0: Ball
1-0: Foul Ball, location: 2F
1-1: Ground out 5-3 (Groundball, 56, EV 97.5 MPH)
Bottom of the 8th over - 0 runs, 1 hit, 0 errors, 1 left on base; University of Georgia 1 - University of Virginia 0
TOP OF THE 9TH
University of Georgia Bulldogs batting - Pitching for University of Virginia Cavaliers : LHP Mitchel Larson
Now at SS: John Hampton
Batting: RHB Armando Ramirez 0-0: SINGLE (Groundball, 4MS, EV 68.1 MPH) (infield hit)
Batting: SHB Jack Tierney 0-0: Ball
1-0: Ball
2-0: Ball
3-0: Called Strike
3-1: Ball
Armando Ramirez to second
Batting: RHB Jose Garibay 0-0: Bunt missed!
0-1: Bunt missed!
0-2: Ball
1-2: Fly out, F6 (Flyball, 56D, EV 91.9 MPH)
Batting: RHB Patrick Pinault 0-0: Swinging Strike
0-1: Swinging Strike
0-2: Ball
1-2: Ball
2-2: SINGLE (Groundball, 56D, EV 111.2 MPH)
Armando Ramirez to third
Jack Tierney to second
Runner from 3rd tries for Home, SAFE, throw by LF to home
Batting: RHB Janne Vihko 0-0: Called Strike
0-1: Swinging Strike
0-2: Strikes out looking
Batting: RHB Tony Aguiar 0-0: SINGLE (Groundball, 34D, EV 107.5 MPH)
Jack Tierney to third
Patrick Pinault to second
Runner from 3rd tries for Home, SAFE, throw by RF to home
Batting: LHB Justin Daley 0-0: Fly out, F9 (Flyball, 89D, EV 99.4 MPH)
Top of the 9th over - 2 runs, 3 hits, 0 errors, 2 left on base; University of Georgia 3 - University of Virginia 0
BOTTOM OF THE 9TH
University of Virginia Cavaliers batting - Pitching for University of Georgia Bulldogs : LHP Dave Waiters
Pitching: RHP Lorenzo Pacheco
Batting: SHB Eric Kelley 0-0: Called Strike
0-1: Ball
1-1: Ball
2-1: Called Strike
2-2: Foul Ball, location: 2F
2-2: Foul Ball, location: 2F
2-2: Ball
3-2: SINGLE (Flyball, 6MD, EV 95.0 MPH) - OUT at second base trying to stretch hit.
Batting: LHB Sean Banks 0-0: Swinging Strike
0-1: Fly out, F8 (Line Drive, 8LD, EV 90.6 MPH)
Batting: RHB Yoshihasa Kojima 0-0: Swinging Strike
0-1: Foul Ball, location: 2F
0-2: Ball
1-2: Ground out 5-3 (Groundball, 5, EV 101.2 MPH)
Bottom of the 9th over - 0 runs, 1 hit, 0 errors, 0 left on base; University of Georgia 3 - University of Virginia 0
Thursday, March 31st , 2022 - OOTP Baseball 22.12 Build 89